| TOP OF THE 1ST |
|
Batavia Muckdogs batting - Pitching for West Virginia Black Bears : RHP Kyle Davis
|
|
Pitching: RHP Kyle Davis
|
|
|
Batting: LHB Orlando Rivera
|
0-0: Fly out, F8 (Flyball, 8LS, EV 93.8 MPH)
|
|
Batting: RHB Manuel Taveras
|
0-0: Called Strike 0-1: Ball 1-1: Ball 2-1: Ball 3-1: Called Strike 3-2: DOUBLE (Line Drive, 78D, EV 107.5 MPH)
|
|
Batting: RHB Nate Crofts
|
0-0: Ball 1-0: Swinging Strike 1-1: Ball 2-1: Foul Ball, location: 2F 2-2: Strikes out swinging
|
|
Batting: SHB Matt Moore
|
0-0: Ball 1-0: Fly out, F6 (Line Drive, 4M, EV 75.6 MPH)
|
| Top of the 1st over - 0 runs, 1 hit, 0 errors, 1 left on base; Batavia 0 - West Virginia 0 |
| BOTTOM OF THE 1ST |
|
West Virginia Black Bears batting - Pitching for Batavia Muckdogs : RHP Santiago Navarro
|
|
Pitching: RHP Santiago Navarro
|
|
|
Batting: RHB Terrence Wilson
|
0-0: Called Strike 0-1: Foul Ball, location: 2F 0-2: Ball 1-2: Strikes out swinging
|
|
Batting: LHB Ruben Garza
|
0-0: Ball 1-0: Ball 2-0: Ball 3-0: Base on Balls
|
|
Batting: RHB Etsuro Hosokawa
|
0-0: 2-RUN HOME RUN (Flyball, 7LD, EV 93.1 MPH), Distance : 342 ft
|
|
Batting: RHB Brandon White
|
0-0: Ball 1-0: Ball 2-0: Foul Ball, location: 2F 2-1: Foul Ball, location: 2F 2-2: Ball 3-2: Foul Ball, location: 2F 3-2: Fly out, F9 (Flyball, 89D, EV 80.6 MPH)
|
|
Batting: LHB Dustin Herman
|
0-0: Foul Ball, location: 2F 0-1: Called Strike 0-2: Ground out 4-3 (Groundball, 34D, EV 100.0 MPH)
|
| Bottom of the 1st over - 2 runs, 1 hit, 0 errors, 0 left on base; Batavia 0 - West Virginia 2 |
| TOP OF THE 2ND |
|
Batavia Muckdogs batting - Pitching for West Virginia Black Bears : RHP Kyle Davis
|
|
Batting: RHB Orlando Landa
|
0-0: Called Strike 0-1: Foul Ball, location: 2F 0-2: Ball 1-2: Fly out, F9 (Flyball, 9, EV 94.4 MPH)
|
|
Batting: LHB Matt McKeon
|
0-0: Swinging Strike 0-1: Swinging Strike 0-2: Ball 1-2: Strikes out swinging
|
|
Batting: RHB Justin Dunham
|
0-0: Called Strike 0-1: Ball 1-1: Called Strike 1-2: Fly out, F9 (Flyball, 9, EV 85.6 MPH)
|
| Top of the 2nd over - 0 runs, 0 hits, 0 errors, 0 left on base; Batavia 0 - West Virginia 2 |
| BOTTOM OF THE 2ND |
|
West Virginia Black Bears batting - Pitching for Batavia Muckdogs : RHP Santiago Navarro
|
|
Batting: RHB Dave Fredericks
|
0-0: Swinging Strike 0-1: Reached on error, E5 (Groundball, 56, EV 83.1 MPH)
|
|
Batting: RHB Rick Pittman
|
0-0: Ball 1-0: Foul Ball, location: 2F 1-1: Ball 2-1: Ball 3-1: Base on Balls Dave Fredericks to second
|
|
Batting: RHB Alex Arzate
|
0-0: Foul Ball, location: 2F 0-1: Ball 1-1: Ball 2-1: Foul Ball, location: 2F 2-2: Ball 3-2: Strikes out swinging
|
|
Batting: RHB Ken Manser
|
0-0: Called Strike 0-1: Called Strike 0-2: Ball 1-2: Strikes out swinging
|
|
Batting: RHB Terrence Wilson
|
0-0: Ball 1-0: Foul Ball, location: 2F 1-1: Swinging Strike 1-2: Strikes out swinging
|
| Bottom of the 2nd over - 0 runs, 0 hits, 1 error, 2 left on base; Batavia 0 - West Virginia 2 |
| TOP OF THE 3RD |
|
Batavia Muckdogs batting - Pitching for West Virginia Black Bears : RHP Kyle Davis
|
|
Batting: RHB Axel Moltke
|
0-0: Called Strike 0-1: Ball 1-1: Ball 2-1: Ball 3-1: Foul Ball, location: 2F 3-2: SINGLE (Flyball, 3D, EV 98.1 MPH)
|
|
Batting: RHB Bob Raine
|
0-0: Ball 1-0: Fly out, F4 (Popup, 4S, EV 65.0 MPH)
|
|
Batting: LHB Orlando Rivera
|
0-0: Ball 1-0: Swinging Strike 1-1: Called Strike 1-2: Strikes out looking
|
|
Batting: RHB Manuel Taveras
|
0-0: Ball 1-0: Ball 2-0: Called Strike 2-1: SINGLE (Line Drive, 89S, EV 90.6 MPH) Axel Moltke to second Runner from 2nd tries for 3rd, SAFE, throw by RF made to third
|
|
Batting: RHB Nate Crofts
|
0-0: Called Strike 0-1: Called Strike 0-2: Foul Ball, location: 2F 0-2: Fly out, F9 (Line Drive, 9, EV 86.9 MPH)
|
| Top of the 3rd over - 0 runs, 2 hits, 0 errors, 2 left on base; Batavia 0 - West Virginia 2 |
| BOTTOM OF THE 3RD |
|
West Virginia Black Bears batting - Pitching for Batavia Muckdogs : RHP Santiago Navarro
|
|
Batting: LHB Ruben Garza
|
0-0: Ball 1-0: Ball 2-0: Swinging Strike 2-1: Foul Ball, location: 2F 2-2: Reached on error, E4 (Groundball, 4D, EV 108.8 MPH)
|
|
Batting: RHB Etsuro Hosokawa
|
0-0: Ball 1-0: Foul Ball, location: 2F 1-1: Foul Ball, location: 2F 1-2: Fielders Choice at 2nd, 6-4 (Groundball, 56, EV 105.6 MPH)
|
|
Batting: RHB Brandon White
|
0-0: Foul Ball, location: 2F 0-1: Called Strike 0-2: Ball 1-2: SINGLE (Line Drive, 78M, EV 108.8 MPH) Etsuro Hosokawa to second Etsuro Hosokawa to third
|
|
Batting: LHB Dustin Herman
|
0-0: Swinging Strike 0-1: Ball 1-1: Grounds into double play, 4-6-3 (Groundball, 4, EV 88.8 MPH)
|
| Bottom of the 3rd over - 0 runs, 1 hit, 1 error, 1 left on base; Batavia 0 - West Virginia 2 |
| TOP OF THE 4TH |
|
Batavia Muckdogs batting - Pitching for West Virginia Black Bears : RHP Kyle Davis
|
|
Batting: SHB Matt Moore
|
0-0: Called Strike 0-1: Swinging Strike 0-2: Foul Ball, location: 2F 0-2: Strikes out looking
|
|
Batting: RHB Orlando Landa
|
0-0: Ball 1-0: Ball 2-0: Called Strike 2-1: Swinging Strike 2-2: Strikes out swinging
|
|
Batting: LHB Matt McKeon
|
0-0: Ball 1-0: Ball 2-0: Foul Ball, location: 2F 2-1: Ball 3-1: Called Strike 3-2: Foul Ball, location: 2F 3-2: Foul Ball, location: 2F 3-2: Foul Ball, location: 2F 3-2: SOLO HOME RUN (Flyball, 9LD, EV 97.5 MPH), Distance : 370 ft
|
|
Batting: RHB Justin Dunham
|
0-0: Foul Ball, location: 2F 0-1: Fly out, F8 (Flyball, 78M, EV 85.0 MPH)
|
| Top of the 4th over - 1 run, 1 hit, 0 errors, 0 left on base; Batavia 1 - West Virginia 2 |
| BOTTOM OF THE 4TH |
|
West Virginia Black Bears batting - Pitching for Batavia Muckdogs : RHP Santiago Navarro
|
|
Batting: RHB Dave Fredericks
|
0-0: Called Strike 0-1: SINGLE (Flyball, 5D, EV 88.1 MPH)
|
|
Batting: RHB Rick Pittman
|
0-0: SINGLE (Flyball, 5D, EV 94.4 MPH) Dave Fredericks to second
|
|
Batting: RHB Alex Arzate
|
0-0: Ball 1-0: Foul Ball, location: 2F 1-1: DOUBLE (Flyball, 78D, EV 113.8 MPH) Dave Fredericks scores Rick Pittman to third
|
|
Batting: RHB Ken Manser
|
0-0: Ball 1-0: Fly out, F8 (Flyball, 78D, EV 85.0 MPH) Runner from 3rd tags up, SCORES, throw by CF
|
|
Batting: RHB Terrence Wilson
|
0-0: Called Strike 0-1: Swinging Strike 0-2: Ball 1-2: Fly out, F8 (Flyball, 89D, EV 96.2 MPH) Runner from 2nd tags up, SAFE at 3rd, no throw by CF
|
|
Batting: LHB Ruben Garza
|
0-0: Ball 1-0: Called Strike 1-1: Foul Ball, location: 2F 1-2: Ball 2-2: Strikes out swinging
|
| Bottom of the 4th over - 2 runs, 3 hits, 0 errors, 1 left on base; Batavia 1 - West Virginia 4 |
| TOP OF THE 5TH |
|
Batavia Muckdogs batting - Pitching for West Virginia Black Bears : RHP Kyle Davis
|
|
Batting: RHB Axel Moltke
|
0-0: Ball 1-0: Called Strike 1-1: Ball 2-1: Ball 3-1: Swinging Strike 3-2: Strikes out swinging
|
|
Batting: RHB Bob Raine
|
0-0: Ball 1-0: Foul Ball, location: 2F 1-1: Swinging Strike 1-2: Strikes out swinging
|
|
Batting: LHB Orlando Rivera
|
0-0: Ball 1-0: Ball 2-0: Fly out, F8 (Flyball, 78S, EV 90.0 MPH)
|
| Top of the 5th over - 0 runs, 0 hits, 0 errors, 0 left on base; Batavia 1 - West Virginia 4 |
| BOTTOM OF THE 5TH |
|
West Virginia Black Bears batting - Pitching for Batavia Muckdogs : RHP Santiago Navarro
|
|
Batting: RHB Etsuro Hosokawa
|
0-0: Foul Ball, location: 2F 0-1: Foul Ball, location: 2F 0-2: Ball 1-2: Ball 2-2: Ball 3-2: Foul Ball, location: 2F 3-2: Foul Ball, location: 2F 3-2: Fly out, F9 (Flyball, 9S, EV 91.2 MPH)
|
|
Pitching: RHP Matt Alexander
|
|
|
Batting: RHB Brandon White
|
0-0: Ball 1-0: Called Strike 1-1: Foul Ball, location: 2F 1-2: Ball 2-2: DOUBLE (Line Drive, 78D, EV 103.8 MPH)
|
|
Batting: LHB Dustin Herman
|
0-0: Called Strike 0-1: Swinging Strike 0-2: Strikes out looking
|
|
Batting: RHB Dave Fredericks
|
0-0: Foul Ball, location: 2F 0-1: Foul Ball, location: 2F 0-2: Ball 1-2: Foul Ball, location: 2F 1-2: Strikes out swinging
|
| Bottom of the 5th over - 0 runs, 1 hit, 0 errors, 1 left on base; Batavia 1 - West Virginia 4 |
| TOP OF THE 6TH |
|
Batavia Muckdogs batting - Pitching for West Virginia Black Bears : RHP Kyle Davis
|
|
Pitching: RHP Hitoshi Yoshihara
|
|
|
Batting: RHB Manuel Taveras
|
0-0: Ball 1-0: Swinging Strike 1-1: Foul Ball, location: 2F 1-2: Ball 2-2: Ball 3-2: Foul Ball, location: 2F 3-2: Fly out, F8 (Flyball, 8LD, EV 99.4 MPH)
|
|
Batting: RHB Nate Crofts
|
0-0: Foul Ball, location: 2F 0-1: Ground out 6-3 (Groundball, 6, EV 85.0 MPH)
|
|
Batting: SHB Matt Moore
|
0-0: Called Strike 0-1: Called Strike 0-2: Foul Ball, location: 2F 0-2: Strikes out looking
|
| Top of the 6th over - 0 runs, 0 hits, 0 errors, 0 left on base; Batavia 1 - West Virginia 4 |
| BOTTOM OF THE 6TH |
|
West Virginia Black Bears batting - Pitching for Batavia Muckdogs : RHP Matt Alexander
|
|
Batting: RHB Rick Pittman
|
0-0: Ball 1-0: Called Strike 1-1: Ball 2-1: Foul Ball, location: 2F 2-2: Ball 3-2: Strikes out swinging
|
|
Batting: RHB Alex Arzate
|
0-0: Ball 1-0: Ground out 5-3 (Groundball, 56, EV 104.4 MPH)
|
|
Batting: RHB Ken Manser
|
0-0: Called Strike 0-1: Ball 1-1: Foul Ball, location: 2F 1-2: Ball 2-2: Strikes out swinging
|
| Bottom of the 6th over - 0 runs, 0 hits, 0 errors, 0 left on base; Batavia 1 - West Virginia 4 |
| TOP OF THE 7TH |
|
Batavia Muckdogs batting - Pitching for West Virginia Black Bears : RHP Hitoshi Yoshihara
|
|
Now at 1B: Gregg Kellerman
|
|
|
Now in LF: Perry Dominey
|
|
|
Batting: RHB Orlando Landa
|
0-0: Ball 1-0: Foul Ball, location: 2F 1-1: SINGLE (Groundball, 34D, EV 101.9 MPH)
|
|
Batting: LHB Matt McKeon
|
0-0: Ball Orlando Landa is caught stealing 2nd base 2-6 1-0: Ball 2-0: Foul Ball, location: 2F 2-1: Foul Ball, location: 2F 2-2: Foul Ball, location: 2F 2-2: Foul Ball, location: 2F 2-2: Fly out, F8 (Line Drive, 8LM, EV 88.1 MPH)
|
|
Batting: RHB Justin Dunham
|
0-0: Foul Ball, location: 2F 0-1: Foul Ball, location: 2F 0-2: Ball 1-2: Ball 2-2: Ball 3-2: Ground out 1-3 (Groundball, 15S, EV 70.0 MPH)
|
| Top of the 7th over - 0 runs, 1 hit, 0 errors, 0 left on base; Batavia 1 - West Virginia 4 |
| BOTTOM OF THE 7TH |
|
West Virginia Black Bears batting - Pitching for Batavia Muckdogs : RHP Matt Alexander
|
|
Batting: RHB Terrence Wilson
|
0-0: Foul Ball, location: 2F 0-1: Foul Ball, location: 2F 0-2: Ball 1-2: Strikes out looking
|
|
Batting: LHB Ruben Garza
|
0-0: Ball 1-0: Ball 2-0: Called Strike 2-1: Foul Ball, location: 2F 2-2: Foul Ball, location: 2F 2-2: Strikes out looking
|
|
Batting: RHB Etsuro Hosokawa
|
0-0: Called Strike 0-1: SINGLE (Groundball, 6M, EV 96.9 MPH) (infield hit)
|
|
Batting: RHB Brandon White
|
0-0: Ball Etsuro Hosokawa steals 2nd base (no throw) 1-0: Ball 2-0: Ground out 5-3 (Groundball, 56S, EV 79.4 MPH)
|
| Bottom of the 7th over - 0 runs, 1 hit, 0 errors, 1 left on base; Batavia 1 - West Virginia 4 |
| TOP OF THE 8TH |
|
Batavia Muckdogs batting - Pitching for West Virginia Black Bears : RHP Hitoshi Yoshihara
|
|
Batting: RHB Axel Moltke
|
0-0: Swinging Strike 0-1: Ball 1-1: Called Strike 1-2: Fly out, F9 (Flyball, 9S, EV 75.6 MPH)
|
|
Batting: RHB Bob Raine
|
0-0: Ball 1-0: Called Strike 1-1: Ball 2-1: Ball 3-1: Called Strike 3-2: Foul Ball, location: 2F 3-2: Base on Balls
|
|
Pitching: LHP Norm Silveira-Wray
|
|
|
Pinch Hitting: RHB Jack Power
|
0-0: Ball 1-0: Foul Ball, location: 2F 1-1: Fly out, F8 (Flyball, 8RD, EV 93.8 MPH)
|
|
Batting: RHB Manuel Taveras
|
0-0: Ball 1-0: Foul Ball, location: 2F 1-1: SINGLE (Groundball, 6M, EV 101.2 MPH) Bob Raine to second
|
|
Batting: RHB Nate Crofts
|
0-0: Swinging Strike 0-1: Hit by Pitch Bob Raine to third Manuel Taveras to second
|
|
Batting: SHB Matt Moore
|
0-0: Called Strike 0-1: Swinging Strike 0-2: Strikes out swinging
|
| Top of the 8th over - 0 runs, 1 hit, 0 errors, 3 left on base; Batavia 1 - West Virginia 4 |
| BOTTOM OF THE 8TH |
|
West Virginia Black Bears batting - Pitching for Batavia Muckdogs : RHP Matt Alexander
|
|
Pitching: RHP Marco Quezada
|
|
|
Now in CF: Matt McKeon
|
|
|
Now in RF: Jack Power
|
|
|
Batting: LHB Gregg Kellerman
|
0-0: Fly out, F8 (Flyball, 8RM, EV 80.6 MPH)
|
|
Batting: RHB Perry Dominey
|
0-0: Called Strike 0-1: Ball 1-1: Foul Ball, location: 2F 1-2: Ball 2-2: Foul Ball, location: 2F 2-2: Strikes out swinging
|
|
Batting: RHB Rick Pittman
|
0-0: Swinging Strike 0-1: Called Strike 0-2: Strikes out swinging
|
| Bottom of the 8th over - 0 runs, 0 hits, 0 errors, 0 left on base; Batavia 1 - West Virginia 4 |
| TOP OF THE 9TH |
|
Batavia Muckdogs batting - Pitching for West Virginia Black Bears : LHP Norm Silveira-Wray
|
|
Pitching: RHP Joe Simanton
|
|
|
Batting: RHB Orlando Landa
|
0-0: Swinging Strike 0-1: Ball 1-1: Fly out, F8 (Line Drive, 8RXD, EV 85.0 MPH)
|
|
Batting: LHB Matt McKeon
|
0-0: Foul Ball, location: 2F 0-1: Called Strike 0-2: Ground out U3 (Groundball, 3L, EV 81.2 MPH)
|
|
Batting: RHB Justin Dunham
|
0-0: Ball 1-0: Called Strike 1-1: Ground out 5-3 (Groundball, 56, EV 101.9 MPH)
|
| Top of the 9th over - 0 runs, 0 hits, 0 errors, 0 left on base; Batavia 1 - West Virginia 4 |
|